 Dungeon Crawl Stone Soup version 0.26.1-2-gb8aa6d0cf2 (webtiles) character file.

Game seed: 11392707098699692325

89 MalarOregon the Caller (level 4, -3/28 HPs)
             Began as a Halfling Summoner on Mar 29, 2021.
             Slain by Natasha (5 damage)
             ... on level 2 of the Dungeon.
             The game lasted 00:04:57 (1975 turns).

MalarOregon the Caller (Halfling Summoner)          Turns: 1975, Time: 00:04:58

Health: -3/28      AC:  5    Str: 10    XL:     4   Next: 84%
Magic:  4/6        EV: 13    Int: 13    God:
Gold:   109        SH:  0    Dex: 14    Spells: 3/6 levels left

rFire    . . .     SeeInvis .   h - +0 spear
rCold    . . .     Faith    .   (shield restricted)
rNeg     . . .     Spirit   .   j - +0 ring mail
rPois    .         Reflect  .   (no helmet)
rElec    .         Harm     .   (no cloak)
rCorr    .         Rampage  .   (no gloves)
Will     .....                  (no boots)
Stlth    ++........             (no amulet)
HPRegen  0.09/turn              (no ring)
MPRegen  0.10/turn              (no ring)

@: slowed, very slow
A: small, mutation resistance 1
a: no special abilities


You were on level 2 of the Dungeon.
You visited 1 branch of the dungeon, and saw 2 of its levels.

You collected 109 gold pieces.

Inventory:

Hand Weapons
 a - a +2 whip of draining
   (You took it off a kobold on level 1 of the Dungeon)
 h - a +0 spear (weapon)
   (You found it on level 1 of the Dungeon)
Missiles
 b - 19 poisoned darts
 k - 6 datura-tipped darts (quivered)
Armour
 j - a +0 ring mail (worn)
   (You found it on level 1 of the Dungeon)
Scrolls
 c - a scroll of random uselessness {unknown}
 e - a scroll of teleportation {unknown}
 g - a scroll of remove curse {unknown}
 i - a scroll of amnesia {unknown}
Potions
 d - a potion of ambrosia {unknown}
 f - 2 potions of brilliance {unknown}


   Skills:
 + Level 1.2 Fighting
 + Level 1.1 Maces & Flails
 + Level 0.9 Polearms
 + Level 1.5 Armour
 - Level 2.1 Dodging
 + Level 2.9 Stealth
 + Level 1.9 Spellcasting
 + Level 3.5 Summonings


You had 3 spell levels left.
You knew the following spells:

 Your Spells              Type           Power        Failure   Level
a - Summon Small Mammal   Summ           40%          16%         1
x - Call Imp              Summ           10%          24%         2

Your spell library contained the following spells:

 Spells                   Type           Power        Failure   Level
 Call Canine Familiar     Summ           10%          43%         3
 Summon Guardian Golem    Hex/Summ       5%           67%         3
 Summon Ice Beast         Ice/Summ       5%           97%         4
 Summon Lightning Spire   Summ/Air       5%           97%         4


Dungeon Overview and Level Annotations

Branches:
Dungeon (2/15)

Altars:

Annotations:
D:2 Natasha, Sigmund


Innate Abilities, Weirdness & Mutations

You are small and have problems with some larger weapons.
You are somewhat resistant to further mutation.


Message History

The goblin barely misses you.
You climb upwards.
The iron imp disappears in a puff of smoke!
Reactivating autopickup.
There is a stone staircase leading down here.
You closely miss the goblin. Something claws you but does no damage.
Deactivating autopickup; reactivate with Ctrl-A.
The goblin barely misses you.
You hit the goblin. Something claws you. The goblin misses you.
You hit the goblin.
You kill the goblin!
Something claws you.
No target in view!
No target in view!
Unknown command.
You start resting.
Something claws you.
You start resting.
Something claws you.
You start resting.
You hear some strange, mumbled words.
You feel yourself slow down. Something claws you.
* * * LOW HITPOINT WARNING * * *
Something claws you.
* * * LOW HITPOINT WARNING * * *
You climb downwards.
Level annotation: Natasha, Sigmund Reactivating autopickup.
There is a stone staircase leading up, spattered with blood here.
You see here 3 stones.
Unknown command.
Something claws you.
* * * LOW HITPOINT WARNING * * *
Deactivating autopickup; reactivate with Ctrl-A.
Okay, then.
Your bat hits something. Something claws you.
* * * LOW HITPOINT WARNING * * *
Your bat barely misses something.
Something claws you but does no damage.
You feel better.
Your bat hits something but does no damage. x3
You hear some strange, mumbled words.
Something tries to affect you, but you resist.
Okay, then.
Sorry, you're not good enough to have a special ability.
Throw: 7 darts (datura)
You throw a datura-tipped dart.
Your bat closely misses something.
Your bat barely misses something.
Something claws you!
* * * LOW HITPOINT WARNING * * *
Something barely misses you.
Your bat misses something. Something claws you.
You die...

#.......>...#
........... #..$......
### ##........## ... ..
#..........# #.# #.
#..........#######..##
#..
.#....................##
#..#
........................
..#
≈≈............).@.......
≈....†..........b{......
≈≈...............b......
≈..#.#####..............
..... #....<.........
.⌠... ##.............
.... ##....(.....## #...
####.$..#### ..


You could see 2 friendly bats.

Vanquished Creatures
  An adder (D:2)
  A worm (D:1)
  A dart slug (D:1)
  A ball python (D:1)
  A giant cockroach (D:1)
  3 goblins
  4 hobgoblins
  2 bats (D:1)
  3 frilled lizards (D:1)
  5 kobolds
  2 rats
24 creatures vanquished.

Vanquished Creatures (collateral kills)
  Natasha (twice) (D:2)
  A gnoll (D:1)
  A goblin (D:1)
  A hobgoblin (D:1)
  3 kobolds
  A rat (D:2)
9 creatures vanquished.

Grand Total: 33 creatures vanquished

Notes
Turn   | Place    | Note
-------+----------+-------------------------------------------
     0 | D:1      | MalarOregon the Halfling Summoner began the quest for the
                  | Orb.
     0 | D:1      | Reached XP level 1. HP: 11/11 MP: 3/3
   378 | D:1      | Reached XP level 2. HP: 17/17 MP: 4/4
   670 | D:1      | Reached XP level 3. HP: 19/22 MP: 2/5
   673 | D:1      | Learned a level 2 spell: Call Imp
   913 | D:1      | Reached skill level 1 in Armour
  1142 | D:2      | Noticed Natasha
  1155 | D:2      | Killed Natasha
  1342 | D:2      | Noticed Sigmund
  1364 | D:1      | Reached XP level 4. HP: 14/25 MP: 1/6
  1632 | D:2      | Reached skill level 1 in Fighting
  1793 | D:1      | Reached skill level 1 in Maces & Flails
  1906 | D:2      | Noticed Natasha
  1918 | D:2      | Killed Natasha
  1947 | D:2      | Noticed Natasha
  1975 | D:2      | Slain by Natasha

Illustrated notes

Levels and vault maps discovered:
D:1:      minmay_arrival_nine_rooms, layout_basic, minmay_pentomino_x2
D:2:      layout_rooms, kiku_gazebo_pond_becter, lightli_temple_of_fire,
          uniq_sigmund, uniq_natasha

Skill      XL: |  1  2  3  4 |
---------------+-------------+-----
Armour         | 1 |  1.5
Fighting       | 1 |  1.2
Maces & Flails | 1 |  1.1
Polearms       | |  0.9
Dodging        | |  2.1
Stealth        | |  2.9
Spellcasting   | |  1.9
Summonings     | |  3.5

Action                   |  1- 3 |  4- 6 || total
-------------------------+-------+-------++-------
Melee: Mace              |    24 |       ||    24
       Spear             |    39 |    53 ||    92
Throw: Dart              |       |     1 ||     1
 Cast: Summon Small Mamm |    23 |    15 ||    38
  Use: Potion            |       |     1 ||     1
 Stab: Sleeping          |     4 |       ||     4
Armor: Robe              |    10 |       ||    10
       Ring mail         |     6 |    18 ||    24
Dodge: Dodged            |    57 |    46 ||   103
